 Dungeon Crawl Stone Soup version 0.24-a0-441-g27f0392e16 (webtiles) character file.

Game seed: 15589169182167158887

21053 Azzok the Cleaver (level 13, -34/86 HPs)
             Began as a Formicid Fighter on June 20, 2019.
             Was the Champion of Okawaru.
             Killed from afar by Jorgrun (39 damage)
             ... with an iron shot
             ... on level 13 of the Dungeon.
             The game lasted 00:25:51 (15442 turns).

Azzok the Cleaver (Formicid Fighter)               Turns: 15442, Time: 00:25:51

Health: -34/86     AC: 28    Str: 28    XL:     13   Next: 17%
Magic:  0/20       EV: 14    Int: 19    God:    Okawaru [******]
Gold:   746        SH: 15    Dex: 18    Spells: 12/12 levels left

rFire    + . .     SeeInvis +   F - +10 great sword of Mygiwnel {freeze, Int+3 SInv}
rCold    + . .     Gourm    .   c - +0 shield
rNeg     . . .     Faith    .   N - +1 gold dragon scales of Boiling Hail {rPois rF+ rC+ Str-3 Int+8 Dex+3}
rPois    +         Spirit   +   (helmet unavailable)
rElec    .         Reflect  .   C - +2 cloak
rCorr    .         Harm     .   v - +2 pair of gloves
MR       ++...                  L - +0 pair of boots
Stlth    ..........             q - amulet of guardian spirit
HPRegen  0.24/turn              e - ring of protection from magic
MPRegen  0.17/turn              w - +3 ring of evasion

@: mighty, agile, heroism, grasped by roots, constricted
A: permanent stasis, dig shafts and tunnels, four strong arms, antennae 3
a: Dig, Shaft Self, Heroism, Finesse, Renounce Religion


You were on level 13 of the Dungeon.
You worshipped Okawaru.
Okawaru was exalted by your worship.
You were not hungry.

You visited 2 branches of the dungeon, and saw 15 of its levels.
You also visited: Sewer.

You collected 746 gold pieces.

Inventory:

Hand Weapons
 F - the +10 great sword of Mygiwnel (weapon) {freeze, Int+3 SInv}
   (You found it on level 6 of the Dungeon)

   It has been specially enchanted to freeze those struck by it, causing extra
   injury to most foes and up to half again as much damage against particularly
   susceptible opponents.
   It can also slow down cold-blooded creatures.
   It affects your intelligence (+3).
   It lets you see invisible.
 M - a +1 battleaxe of freezing
Armour
 c - a +0 shield (worn)
 v - a +2 pair of gloves (worn)
 C - a +2 cloak (worn)
 L - a +0 pair of boots (worn)
 N - the +1 gold dragon scales of Boiling Hail (worn) {rPois rF+ rC+ Str-3 Int+8 Dex+3}
   (Okawaru gifted it to you on level 11 of the Dungeon)

   It affects your strength (-3).
   It affects your intelligence (+8).
   It affects your dexterity (+3).
   It protects you from fire.
   It protects you from cold.
   It protects you from poison.
Jewellery
 e - a ring of protection from magic (left hand)
 q - an amulet of guardian spirit (around neck)
 w - a +3 ring of evasion (right hand)
 K - an uncursed ring of protection from magic
 P - a +2 ring of dexterity {unknown}
Wands
 b - a wand of polymorph (4)
 h - a wand of disintegration (6)
 x - a wand of random effects (12)
 J - a wand of iceblast (7)
Scrolls
 a - a scroll of holy word {unknown}
 i - a scroll of fear {unknown}
 j - 4 scrolls of fog {unknown}
 k - 3 scrolls of magic mapping {unknown}
 l - 6 scrolls of remove curse
 n - 4 scrolls of amnesia {unknown}
 p - a scroll of enchant weapon {unknown}
 r - 3 scrolls of blinking {unknown}
 s - 3 scrolls of enchant armour {unknown}
 y - 2 scrolls of immolation {unknown}
 z - 2 scrolls of identify
 E - a scroll of acquirement {unknown}
 I - a scroll of random uselessness {unknown}
 O - a scroll of noise {unknown}
Potions
 d - a potion of might
 g - 6 potions of mutation {!q}
 m - 4 potions of curing
 o - 4 potions of ambrosia
 t - 3 potions of lignification
 u - a potion of brilliance {unknown}
 A - a potion of agility
 B - 2 potions of resistance
 D - 2 potions of heal wounds {unknown}
Miscellaneous
 G - a phantom mirror
Comestibles
 f - 25 rations


   Skills:
 - Level 3.2(8.2) Fighting
 + Level 14.4(19.4) Axes
 + Level 7.0(12.0) Armour
 - Level 9.0(14.0) Shields
 - Level 9.3 Invocations
 + Level 10.1 Evocations


You had 12 spell levels left.
You didn't know any spells.
Your spell library contained the following spells:

 Spells                   Type           Power        Failure   Level  Hunger
 Sandblast                Erth           #.....       99%         1    ##.....
 Summon Small Mammal      Summ           #...         99%         1    ##.....
 Passwall                 Tmut/Erth      #.......     100%        2    ###....
 Stone Arrow              Conj/Erth      #.....       100%        3    ####...
 Petrify                  Tmut/Erth      #.......     100%        4    #####..
 Borgnjor's Vile Clutch   Necr/Erth      #.........   100%        5    ######.
 Lee's Rapid Deconstruct  Erth           #.........   100%        5    ######.
 Malign Gateway           Summ/Tloc      #.........   100%        7    #######
 Spellforged Servitor     Conj/Summ      #.........   100%        7    #######


Dungeon Overview and Level Annotations

Branches:
Dungeon (14/15)            Temple (1/1) D:5            Lair (0/6) D:10
    Orc (0/2) D:11
 Vaults: D:13-14

Altars:
Ashenzari
Elyvilon
Fedhas
Hepliaklqana
Kikubaaqudgha
Okawaru
Qazlal
Sif Muna
Trog
Uskayaw
Vehumet
Wu Jian

Annotations:
D:3 2 transporters, Enish's ghost, weakling FoAM
D:13 Jorgrun


Innate Abilities, Weirdness & Mutations

You cannot be hasted, slowed, berserked, paralysed or teleported.
You can dig through walls and to a lower floor.
Your four strong arms can wield two-handed weapons with a shield.
You have a pair of large antennae on your head. (SInv)


Message History

Jorgrun is heavily wounded.
Jorgrun hits you but does no damage.
* * * LOW MAGIC WARNING * * *;
* * * LOW HITPOINT WARNING * * *
The grasping roots constrict you.
Jorgrun says, "May tha earth consume ye!"
Jorgrun hits you but does no damage.
* * * LOW HITPOINT WARNING * * *
The grasping roots constrict you.
You closely miss Jorgrun.
Jorgrun is heavily wounded.
Jorgrun gestures at you while chanting. You resist with almost no effort.
* * * LOW MAGIC WARNING * * *;
* * * LOW HITPOINT WARNING * * *
The grasping roots constrict you.
You slice Jorgrun!! You freeze Jorgrun!
Jorgrun is severely wounded.
Jorgrun points at you and mumbles some strange words.
The iron shot hits you!!!
* * * LOW MAGIC WARNING * * *
You die...

%▒▒▒▒ ····
··▒
▒▒▒▒▒··▒▒▒
▒·········
▒·▒······▒▒▒·
▒···········
▒▒·▒@▒▒▒▒▒▒
▒▒▒▒▒▒··g▒
▒······▒·▒
▒·▒▒▒▒·▒·▒
▒·▒ ▒·▒·▒ ▒·▒
▒··^· ▒·▒
▒···· ▒·▒
····· ▒▒▒▒·▒
▒·····


You could see Jorgrun.

Vanquished Creatures
  A death knight (D:14)
  2 two-headed ogres
  2 unseen horrors
  Pikel (D:6)
  An ugly thing (D:11)
  A cyclops (D:14)
  3 orange demons (D:11)
  Psyche (D:12)
  A kobold demonologist (D:12)
  3 red devils (D:11)
  5 trolls
  Prince Ribbit (D:6)
  4 hippogriffs
  25 yaks
  A vampire (D:13)
  A spriggan (D:7)
  A water elemental (D:11)
  3 hungry ghosts
  A basilisk (D:12)
  4 vampire mosquitoes (D:14)
  2 water moccasins
  2 porcupines (D:10)
  A black bear (D:8)
  2 sky beasts (D:7)
  Purgy (Sewer)
  8 orc warriors
  2 slaves
  2 necrophages
  3 phantoms
  5 ogres
  6 centaurs
  2 crocodiles (D:10)
  6 bullfrogs
  A gnoll sergeant (D:6)
  4 scorpions
  16 wights
  2 electric eels (D:11)
  7 crimson imps
  2 bullfrog zombies
  3 hounds
  A jelly (D:7)
  2 bullfrog skeletons
  4 centaur zombies
  9 orc priests
  29 orc wizards
  4 centaur skeletons
  5 iguanas
  7 worker ants
  A hound zombie (D:6)
  A howler monkey zombie (D:5)
  A worker ant zombie (D:11)
  12 gnolls
  10 adders
  3 shadow imps
  2 adder skeletons
  2 worms
  2 dart slugs
  5 leopard geckos
  57 orcs
  12 bats
  4 giant cockroaches
  7 goblins
  6 hobgoblins
  9 jackals
  4 quokkas
  2 ball pythons
  5 frilled lizards
  7 kobolds
  A leopard gecko zombie (D:5)
  A quokka skeleton (D:5)
  2 rats
356 creatures vanquished.

Vanquished Creatures (others)
  A bullfrog (D:7)
  A crimson imp (D:7)
  4 plants (D:10)
6 creatures vanquished.

Grand Total: 362 creatures vanquished

Notes
Turn   | Place    | Note
-------+----------+-------------------------------------------
     0 | D:1      | Azzok the Formicid Fighter began the quest for the Orb.
     0 | D:1      | Reached XP level 1. HP: 18/18 MP: 1/1
    86 | D:1      | Reached XP level 2. HP: 24/24 MP: 2/2
   606 | D:2      | Reached XP level 3. HP: 23/29 MP: 3/3
   911 | D:2      | Reached skill level 3 in Axes
  1349 | D:3      | Reached XP level 4. HP: 35/35 MP: 4/4
  1436 | D:3      | Reached skill level 5 in Shields
  2001 | D:3      | Reached XP level 5. HP: 41/41 MP: 5/5
  2269 | D:3      | Found a transporter.
  2270 | D:3      | Found a transporter.
  2270 | D:3      | Noticed Enish's ghost (weakling FoAM)
  2273 | D:3      | Identified the cursed +1 great mace "Rudgh" {crush, rElec
                  | rF+ Int+4 Dex-2}
  2273 | D:3      | Noticed an ogre
  2275 | D:3      | Noticed an ogre
  2611 | D:4      | Reached skill level 4 in Axes
  2672 | D:4      | Found a bloodstained altar of Trog.
  2672 | D:4      | Found a white marble altar of Elyvilon.
  2673 | D:4      | Found a deep blue altar of Sif Muna.
  2794 | D:4      | Reached XP level 6. HP: 47/47 MP: 6/6
  3010 | D:4      | Noticed an ogre
  3016 | D:4      | HP: 2/47 [ogre/+0 giant club (20)]
  3019 | D:4      | Killed an ogre
  3410 | D:4      | Found a blossoming altar of Fedhas.
  3583 | D:4      | Noticed a water moccasin
  3617 | D:4      | Killed a water moccasin
  3617 | D:4      | Reached skill level 5 in Axes
  3617 | D:4      | Reached XP level 7. HP: 27/52 MP: 4/7
  4131 | D:5      | Entered Level 5 of the Dungeon
  4133 | D:5      | Found a staircase to the Ecumenical Temple.
  4148 | Temple   | Entered the Ecumenical Temple
  4154 | Temple   | Became a worshipper of Warmaster Okawaru
  4470 | D:5      | Reached skill level 1 in Invocations
  4809 | D:5      | Reached * piety under Okawaru
  4910 | D:5      | Reached XP level 8. HP: 58/58 MP: 9/9
  4955 | D:5      | Found a hazy altar of Hepliaklqana.
  5343 | D:5      | Reached skill level 6 in Axes
  5463 | D:6      | Noticed Prince Ribbit
  5499 | D:6      | Found a blossoming altar of Fedhas.
  5635 | D:6      | Killed Prince Ribbit
  5684 | D:6      | Reached ** piety under Okawaru
  5730 | D:6      | Reached skill level 7 in Axes
  5730 | D:6      | Reached skill level 5 in Invocations
  5730 | D:6      | Reached XP level 9. HP: 33/64 MP: 9/12
  5746 | D:6      | Got a smoking great sword
  5818 | D:6      | Found a glowing drain.
  5908 | Sewer    | Entered a sewer
  5954 | Sewer    | Noticed Purgy
  5961 | Sewer    | Killed Purgy
  5961 | Sewer    | Reached skill level 1 in Evocations
  7133 | D:7      | Noticed Pikel
  7198 | D:6      | Killed Pikel
  7198 | D:6      | Reached *** piety under Okawaru
  7198 | D:6      | Reached skill level 8 in Axes
  7265 | D:7      | Reached XP level 10. HP: 65/70 MP: 15/15
  7602 | D:7      | Reached skill level 5 in Evocations
  7892 | D:7      | Reached **** piety under Okawaru
  8059 | D:7      | Reached skill level 9 in Axes
  8063 | D:7      | Identified the +10 great sword of Mygiwnel {freeze, Int+3
                  | SInv} (You found it on level 6 of the Dungeon)
  8314 | D:8      | You fall into a shaft and drop 2 floors!
  8314 | D:10     | Entered Level 10 of the Dungeon
  8464 | D:11     | Noticed a two-headed ogre
  8468 | D:11     | Killed a two-headed ogre
  8468 | D:11     | Reached ***** piety under Okawaru
  8577 | D:10     | Noticed an unseen horror
  8580 | D:10     | Killed an unseen horror
  8580 | D:10     | Reached skill level 10 in Axes
  8580 | D:10     | Reached XP level 11. HP: 70/75 MP: 17/17
  8864 | D:10     | Found a staircase to the Lair.
  8872 | D:10     | Reached skill level 11 in Axes
  8965 | D:10     | Received a gift from Okawaru
 10062 | D:9      | Reached skill level 12 in Axes
 10897 | D:8      | Identified the Disquisition on Earthen Calling
 10949 | D:8      | HP: 1/75 [orc priest/nerve-wracking pain (9)]
 11480 | D:8      | Noticed a two-headed ogre
 11491 | D:8      | Killed a two-headed ogre
 11491 | D:8      | Received a gift from Okawaru
 11491 | D:8      | Reached XP level 12. HP: 69/81 MP: 13/18
 11640 | D:8      | Paralysed by fainting for 7 turns
 11664 | D:8      | Reached skill level 13 in Axes
 11712 | D:8      | You fall into a shaft and drop 2 floors!
 12050 | D:9      | Found a stormy altar of Qazlal.
 13257 | D:11     | Received a gift from Okawaru
 13261 | D:11     | Got heavily runed gold dragon scales {god gift}
 13272 | D:11     | Identified the +1 gold dragon scales of Boiling Hail {rPois
                  | rF+ rC+ Str-3 Int+8 Dex+3} (Okawaru gifted it to you on
                  | level 11 of the Dungeon)
 13643 | D:11     | Reached ****** piety under Okawaru
 13663 | D:11     | Reached skill level 5 in Armour
 13936 | D:11     | Reached skill level 14 in Axes
 14463 | D:11     | Found a staircase to the Orcish Mines.
 14777 | D:12     | Noticed an unseen horror
 14793 | D:12     | Killed an unseen horror
 14957 | D:12     | Noticed Psyche
 14969 | D:12     | Killed Psyche
 14969 | D:12     | Reached XP level 13. HP: 86/86 MP: 20/20
 15025 | D:12     | You fall into a shaft and drop 2 floors!
 15064 | D:14     | Reached skill level 10 in Evocations
 15426 | D:13     | Noticed Jorgrun
 15441 | D:13     | HP: 4/86 [Jorgrun/+0 quarterstaff of crushing (2)]
 15442 | D:13     | Killed from afar by Jorgrun

Levels and vault maps discovered:
D:1:      dpeg_arrival_windows_large_door, layout_rooms, minmay_misc_feat_tiny
D:2:      layout_loops_cross
D:3:      layout_basic, gammafunk_ghost_smash
D:4:      layout_basic, kennysheep_mini, gammafunk_temple_overflow_claw,
          first_ration, kennysheep_generic_room_11
D:5:      layout_basic, lemuel_round_altar, minmay_temple_entry_slanted,
          nrook_mini_vaults
D:6:      layout_cave_pods, cheibrodos_sewer_entry_sluice, fedhas_altar_1,
          uniq_prince_ribbit1
D:7:      layout_basic, the_bakery, hangedman_decor_lopped, uniq_pikel
D:8:      layout_loops_corners, nrook_pool_corridor
D:9:      layout_gridville, nicolae_overflow_crystal_walls
D:10:     layout_irregular_city, minmay_lair_entry_grove
D:11:     layout_irregular_city, erik_orc_2, portal_ice_cave_entry_pillars_1,
          minmay_beelzebubs_servants
D:12:     layout_gridville, minmay_lizard_king, uniq_psyche
D:13:     layout_loops_ring, ximxim_vaults_locker_room, serial_shops, shop,
          uniq_urug, uniq_jorgrun, uniq_josephine
D:14:     layout_roguey, basic_altar
Temple:   eino_temple_rhombus

Skill      XL: |  1  2  3  4  5  6  7  8  9 10 11 12 13 |
---------------+----------------------------------------+-----
Shields        | 4 5 6 7 8 9 |  9.0
Axes           | 3 4 5 7 8 10 12 14 | 14.4
Invocations    | 2 5 7 9 |  9.3
Evocations     | 4 7 8 9 10 | 10.1
Armour         | 6 7 |  7.0
Fighting       | |  3.2

Action                   |  1- 3 |  4- 6 |  7- 9 | 10-12 | 13-15 || total
-------------------------+-------+-------+-------+-------+-------++-------
Melee: War axe           |   102 |   214 |   387 |   114 |       ||   817
       Long sword        |       |       |    84 |       |       ||    84
       Great sword       |       |       |       |   538 |    65 ||   603
       Battleaxe         |       |       |       |    25 |       ||    25
Invok: Heroism           |       |       |     2 |     4 |     2 ||     8
Evoke: Wand              |       |       |     3 |     9 |       ||    12
  Use: Scroll            |       |     4 |     2 |     7 |       ||    13
       Potion            |       |     1 |       |     1 |     2 ||     4
  Eat: Chunk             |     1 |     6 |     6 |    23 |     1 ||    37
       Ration            |       |     1 |     2 |     4 |       ||     7
Armor: Scale mail        |    64 |     4 |       |       |       ||    68
       Chain mail        |       |    90 |    14 |       |       ||   104
       Plate armour      |       |       |   223 |   261 |       ||   484
       Gold dragon scale |       |       |       |   154 |    46 ||   200
Dodge: Dodged            |    50 |    79 |   143 |   270 |    22 ||   564
Block: Shield            |    64 |   119 |   268 |   541 |    57 ||  1049
       Rpst.: Long sword |       |       |     9 |       |       ||     9
       Great sword       |       |       |       |    61 |     7 ||    68

Table legend:
 A = Non-vault XP
 B = Vault XP
 C = Vault XP percentage of total XP
 D = Non-vault monster count
 E = Vault monster count
 F = Vault count percentage of total count
                 A         B        C        D         E       F
            +---------+---------+-------+---------+---------+-------
      Total |   22938 |    7139 |  23.7 |     298 |      56 |  15.8
            +---------+---------+-------+---------+---------+-------
        D:1 |      21 |       0 |   0.0 |      13 |       0 |   0.0
        D:2 |      47 |       0 |   0.0 |      19 |       0 |   0.0
        D:3 |      76 |       0 |   0.0 |      18 |       0 |   0.0
        D:4 |     317 |     116 |  26.8 |      21 |       1 |   4.5
        D:5 |     625 |       0 |   0.0 |      24 |       0 |   0.0
        D:6 |    1315 |     936 |  41.6 |      37 |       5 |  11.9
        D:7 |    1505 |     211 |  12.3 |      23 |       1 |   4.2
        D:8 |    2963 |       0 |   0.0 |      37 |       0 |   0.0
        D:9 |    2909 |       0 |   0.0 |      25 |       0 |   0.0
       D:10 |    2935 |    1900 |  39.3 |      23 |      12 |  34.3
       D:11 |    5469 |    3156 |  36.6 |      39 |      26 |  40.0
       D:12 |    2287 |     682 |  23.0 |       8 |       5 |  38.5
       D:13 |     212 |       0 |   0.0 |       1 |       0 |   0.0
       D:14 |    2257 |       0 |   0.0 |      10 |       0 |   0.0
      Sewer |       0 |     138 | 100.0 |       0 |       6 | 100.0
            +---------+---------+-------+---------+---------+-------
